 Dungeon Crawl Stone Soup version 0.19-a0-1100-g56b2fe9 (webtiles) character file.

401 Jmtri7 the Ducker (level 6, 0/37 HPs)
             Began as a Tengu Monk on Aug 8, 2016.
             Was a Priest of Cheibriados.
             Slain by a phantom (5 damage)
             ... on level 4 of the Dungeon.
             The game lasted 00:08:33 (3822 turns).

Jmtri7 the Ducker (Tengu Monk)                      Turns: 3822, Time: 00:08:34

Health: 0/37       AC:  9    Str: 19    XL:     6   Next: 85%
Magic:  7/7        EV: 17    Int: 18    God:    Cheibriados [***...]
Gold:   173        SH:  0    Dex: 27    Spells: 0 memorised, 5 levels left

rFire  . . .     SeeInvis .     i - +1 dagger (venom)
rCold  + . .     Gourm    .     t - +3 ring mail
rNeg   . . .     Faith    .     (no shield)
rPois  .         Spirit   .     (helmet restricted)
rElec  .         Dismiss  .     (no cloak)
rCorr  .         Reflect  .     (no gloves)
SustAt .         Harm     .     (boots unavailable)
MR     .....                    (no amulet)
Stlth  ++........               w - ring of wizardry
                                h - ring of protection from cold

@: very slow
A: beak, talons 3, able to fly 1
a: Fly, Bend Time, Temporal Distortion, Renounce Religion


You were on level 4 of the Dungeon.
You worshipped Cheibriados.
Cheibriados was most pleased with you.
You were not hungry.

You visited 1 branch of the dungeon, and saw 4 of its levels.

You collected 173 gold pieces.

Inventory:

Hand Weapons
 i - a +1 dagger of venom (weapon)
 C - a +0 long sword
Armour
 f - a +0 robe
 t - a +3 ring mail (worn)
Jewellery
 h - a ring of protection from cold (left hand)
 w - a ring of wizardry (right hand)
Wands
 q - a wand of polymorph (12/24)
Scrolls
 d - a scroll of magic mapping
 g - 3 scrolls of remove curse {unknown}
 l - a scroll of teleportation {unknown}
 n - 2 scrolls of identify {unknown}
 v - a scroll of blinking {unknown}
 x - 3 scrolls of amnesia {unknown}
 y - a scroll of enchant weapon {unknown}
 A - a scroll of recharging {unknown}
 B - a scroll of fear {unknown}
Potions
 b - a potion of agility {unknown}
 e - a potion of flight {unknown}
 m - a potion of might {unknown}
 o - a potion of curing {unknown}
 r - a potion of heal wounds {unknown}
 s - a potion of berserk rage {unknown}
 u - a potion of degeneration {unknown}
 z - 2 potions of cancellation {unknown}
Comestibles
 a - 4 chunks of flesh
 c - 6 bread rations
 k - 4 fruits
 p - a meat ration


   Skills:
 - Level 3.0 Fighting
 - Level 3.4 Long Blades
 + Level 5.1 Armour
 + Level 6.1 Dodging
 - Level 2.0 Stealth


You had 5 spell levels left.
You didn't know any spells.

Dungeon Overview and Level Annotations

Branches:
Dungeon (4/15)             Temple (0/1) D:4

Altars:
Ashenzari
Cheibriados
Hepliaklqana
Sif Muna

Shops:
D:4 (


Innate Abilities, Weirdness & Mutations

You have a beak for a mouth.
You have claws for feet.
You can fly.


Message History

You barely miss the phantom. You claw the phantom, but do no damage.
You peck the phantom.
The phantom is severely damaged.
The phantom hits you but does no damage.
You closely miss the phantom.
The phantom is severely damaged.
The phantom hits you!
* * * LOW HITPOINT WARNING * * *
You hit the phantom but do no damage. You claw the phantom, but do no damage.
The phantom is severely damaged.
The phantom closely misses you.
You hit the phantom. You claw the phantom, but do no damage.
The phantom is severely damaged.
The phantom hits you.
* * * LOW HITPOINT WARNING * * *
You hit the phantom. You claw the phantom. Your peck misses the phantom.
The phantom is severely damaged.
The phantom blinks!
The phantom hits you.
You die...

,,,,,,,,#.#.####.###
,,,*,,,,..#.##.....#
,,,**,*,..#.##รท....#
*
,,,**,,,*,#........#
*
,,,******,####.....#
*
,,,,,,,,,,,,*#.....#
*
,,*******,*,*#.....#
* ,,* *,*,*#.....# *
,,*******,*,*#..@..#
*
,,,,,,,,*,*,*#..W..#
*
,,*****,*,*,*#.....#
* ,,* *,*,*,*#.....#
,,* *,,,*,*#.....#
***********,*#..$..#
,,,,,,,,,,,,*#######
*************


You could see a phantom.

Vanquished Creatures
  Duvessa (D:4)
  Dowan (D:4)
  A hound (D:4)
  2 orc wizards (D:4)
  A worker ant (D:3)
  2 adders (D:3)
  An ooze (D:3)
  A worm (D:2)
  A dart slug (D:4)
  3 giant geckos (D:1)
  15 orcs
  A ball python (D:1)
  A giant cockroach (D:1)
  10 goblins
  12 hobgoblins
  A quokka (D:3)
  5 bats
  4 giant newts
  10 kobolds
  A quokka skeleton (D:4)
  4 rats
78 creatures vanquished.

Vanquished Creatures (others)
  An orc wizard (D:4)
1 creature vanquished.

Grand Total: 79 creatures vanquished

Notes
Turn   | Place    | Note
-------+----------+-------------------------------------------
     0 | D:1      | Jmtri7 the Tengu Monk began the quest for the Orb.
     0 | D:1      | Reached XP level 1. HP: 14/14 MP: 2/2
    64 | D:1      | Reached XP level 2. HP: 19/19 MP: 3/3
    69 | D:1      | Reached skill level 4 in Dodging
   620 | D:1      | Reached XP level 3. HP: 20/23 MP: 4/4
  1205 | D:2      | Found a snail-covered altar of Cheibriados.
  1205 | D:2      | Found a hazy altar of Hepliaklqana.
  1207 | D:2      | Found a shattered altar of Ashenzari.
  1227 | D:2      | Found a deep blue altar of Sif Muna.
  1253 | D:2      | Became a worshipper of Cheibriados the Contemplative
  1253 | D:2      | Reached * piety under Cheibriados
  1253 | D:2      | Reached ** piety under Cheibriados
  1924 | D:3      | Reached skill level 5 in Dodging
  2070 | D:3      | Reached XP level 4. HP: 28/28 MP: 5/5
  2484 | D:3      | Reached skill level 1 in Armour
  2517 | D:3      | Reached *** piety under Cheibriados
  2559 | D:3      | Gained mutation: You can fly. [Tengu growth]
  2559 | D:3      | Reached XP level 5. HP: 22/32 MP: 6/6
  3422 | D:4      | Reached XP level 6. HP: 37/37 MP: 7/7
  3690 | D:4      | Noticed Duvessa
  3692 | D:4      | Noticed Dowan
  3698 | D:4      | Killed Duvessa
  3721 | D:4      | Killed Dowan
  3721 | D:4      | Reached skill level 5 in Armour
  3721 | D:4      | Reached skill level 6 in Dodging
  3794 | D:4      | Noticed a phantom
  3796 | D:4      | Found Metiam's Antique Weapon Shop.
  3822 | D:4      | Slain by a phantom

Vault maps used:
D:1:      dpeg_arrival_short_road, serial_bayou_pond_a
D:2:      nicolae_overflow_hidden_temple, nicolae_overflow_quartered_altars,
          grunt_decor_cap
D:3:      corexii_shack_village
D:4:      nemelex_xobeh_ov_fountains_minmay, first_bread, serial_shops, shop,
          uniq_duvessa

Skill      XL: |  1  2  3  4  5  6 |
---------------+-------------------+-----
Dodging        | 4 5 6 |  6.1
Armour         | 2 4 5 |  5.1
Fighting       | |  3.0
Long Blades    | |  3.4
Stealth        | |  2.0

Action                   |  1- 3 |  4- 6 || total
-------------------------+-------+-------++-------
Melee: Falchion          |    19 |     8 ||    27
       Kick              |    26 |    64 ||    90
       Peck              |    22 |    30 ||    52
       Dagger            |    81 |   103 ||   184
       Long sword        |       |    11 ||    11
  Use: Scroll            |       |     1 ||     1
 Stab: Sleeping          |     1 |       ||     1
  Eat: Chunk             |     2 |     3 ||     5
Armor: Robe              |     4 |       ||     4
       Chain mail        |    30 |    17 ||    47
       Ring mail         |       |    27 ||    27
Dodge: Dodged            |    61 |    75 ||   136
